 Dungeon Crawl Stone Soup version 0.20.0-10-g0535bb4 (webtiles) character file.

110 kraftydee the Chiller (level 4, -3/30 HPs)
             Began as a Demonspawn Ice Elementalist on June 4, 2017.
             Killed by nerve-wracking pain
             ... invoked by an orc priest
              (9 damage)
             ... on level 3 of the Dungeon.
             The game lasted 00:05:19 (2281 turns).

kraftydee the Chiller (Demonspawn Ice Elementalist) Turns: 2281, Time: 00:05:20

Health: -3/30      AC:  2    Str:  8    XL:     4   Next: 61%
Magic:  0/8        EV: 12    Int: 17    God:
Gold:   145        SH:  0    Dex: 14    Spells: 6/9 levels left

rFire    . . .     SeeInvis .   (no weapon)
rCold    . . .     Gourm    .   (no shield)
rNeg     . . .     Faith    .   a - +0 robe
rPois    .         Spirit   .   (no helmet)
rElec    .         Reflect  .   (no cloak)
rCorr    .         Harm     .   (no gloves)
MR       .....                  (no boots)
Stlth    ++........             (no amulet)
Regen    0.1/turn               (no ring)
MPRegen  0.2/turn               (no ring)

@: no status effects
A: hooves 1, sturdy frame 1
a: no special abilities


You were on level 3 of the Dungeon.
You were very hungry.

You visited 1 branch of the dungeon, and saw 3 of its levels.

You collected 145 gold pieces.

Inventory:

Armour
 a - a +0 robe (worn)
Jewellery
 q - a cursed ring of loudness {unknown}
Scrolls
 d - a scroll of recharging {unknown}
 g - 2 scrolls of remove curse {unknown}
 h - a scroll of identify {unknown}
 i - 2 scrolls of fear {unknown}
 k - 3 scrolls of teleportation {unknown}
 o - a scroll of amnesia {unknown}
Potions
 e - a potion of might {unknown}
 f - 2 potions of agility {unknown}
 j - 2 potions of heal wounds {unknown}
 l - a potion of berserk rage {unknown}
 m - a potion of flight {unknown}
 n - a potion of magic {unknown}
Books
 b - a book of Frost

   Spells                             Type                      Level
   a - Freeze                         Ice                          1
   b - Throw Frost                    Conjuration/Ice              2
   c - Ozocubu's Armour               Charms/Ice                   3
   d - Throw Icicle                   Conjuration/Ice              4
   e - Summon Ice Beast               Ice/Summoning                4
Comestibles
 c - 3 bread rations
 p - a royal jelly


   Skills:
 + Level 0.2 Fighting
 + Level 2.2 Dodging
 + Level 1.9 Stealth
 + Level 3.0 Spellcasting
 + Level 1.0 Conjurations
 + Level 3.9 Ice Magic


You had 6 spell levels left.
You knew the following spells:

 Your Spells              Type           Power        Failure   Level  Hunger
a - Freeze                Ice            ###.         3%          1    None
b - Throw Frost           Conj/Ice       ##....       10%         2    ##.....


Dungeon Overview and Level Annotations

Branches:
Dungeon (3/15)

Altars:


Innate Abilities, Weirdness & Mutations

You have large cloven feet.
Your movements are slightly less encumbered by armour. (ER -2)


Message History

You open the door. The adder bites you. The adder bites you.
There is an open door, spattered with blood here.
The orc priest calls down the wrath of Beogh upon you.
Pain shoots through your body!
* * * LOW HITPOINT WARNING * * *
You feel sick.
Casting: Freeze
Confirm with . or Enter, or press ? or * to list all spells.
Aiming: Freeze
Press: ? - help, Shift-Dir - straight line, f/p - adder
Aim: an adder (heavily wounded)
You freeze the adder.
You kill the adder!
You feel sick.
You are no longer poisoned.
Your magical contamination has completely faded away.
The orc priest calls down the wrath of Beogh upon you.
Pain shoots through your body!
You die...

..### ###.....# .## #+#
##....# .# +.+ #.'###### .##
##.## ##.......#
..###.#.###..o.....#
#.....#............+
###..###...........# #
#.......###......### #
##...#### #...@....# #.#.#
#........# ###...####
####.....# .........## #.....#
..........# #.....#
#..........#####.....##
...........'.............
#..........###################
.........## #.............†.#


You could see an orc priest.

Vanquished Creatures
  An orc wizard (D:3)
  3 adders
  A worm (D:2)
  7 orcs (D:3)
  6 bats
  2 giant cockroaches
  5 goblins
  6 hobgoblins
  5 kobolds
  A quokka (D:3)
  A ball python (D:1)
  4 frilled lizards
  2 rats
44 creatures vanquished.

Notes
Turn   | Place    | Note
-------+----------+-------------------------------------------
     0 | D:1      | kraftydee the Demonspawn Ice Elementalist began the quest for the Orb.
     0 | D:1      | Reached XP level 1. HP: 13/13 MP: 3/3
   292 | D:1      | Gained mutation: Your movements are slightly less encumbered by armour. (ER -2) [demonic ancestry]
   292 | D:1      | Reached XP level 2. HP: 14/19 MP: 1/5
   330 | D:1      | Learned a level 2 spell: Throw Frost
  1417 | D:2      | Gained mutation: You have large cloven feet. [demonic ancestry]
  1417 | D:2      | Reached XP level 3. HP: 24/24 MP: 1/6
  1927 | D:3      | Reached XP level 4. HP: 24/30 MP: 0/8
  2281 | D:3      | Killed from afar by an orc priest

Skill      XL: |  1  2  3 |
---------------+----------+-----
Dodging        | 2 |  2.2
Ice Magic      | 3 |  3.9
Spellcasting   | 3 |  3.0
Fighting       | |  0.2
Stealth        | |  1.9
Conjurations   | |  1.0

Action                   |  1- 3 |  4- 6 || total
-------------------------+-------+-------++-------
Melee: Unarmed           |     7 |       ||     7
 Cast: Freeze            |    56 |    17 ||    73
       Throw Frost       |     7 |       ||     7
  Eat: Chunk             |     4 |       ||     4
Armor: Robe              |    10 |     1 ||    11
Dodge: Dodged            |    48 |    14 ||    62
